 Dungeon Crawl Stone Soup version 0.28-a0-684-g30a9fa1a03 (webtiles) character file.

Game seed: 12002135437534250395

5413 BlueGoblin the Spry (level 10, 0/47 HPs)
             Began as a Spriggan Monk on Oct 19, 2021.
             Was a Believer of Wu Jian.
             Slain by a red devil (19 damage)
             ... summoned by a kobold demonologist
             ... on level 9 of the Dungeon.
             The game lasted 00:42:00 (13879 turns).

BlueGoblin the Spry (Spriggan Monk)                Turns: 13879, Time: 00:42:01

Health: 0/47       AC:  5    Str:  7    XL:     10   Next: 40%
Magic:  11/11      EV: 39    Int: 12    God:    Wu Jian [**....]
Gold:   455        SH:  9    Dex: 27    Spells: 9/9 levels left

rFire   . . .      SeeInvis +   a - +3 dagger (venom)
rCold   + . .      Faith    .   C - +0 buckler
rNeg    . . .      Spirit   .   B - +1 robe {rC+}
rPois   +          Reflect  .   (helmet restricted)
rElec   .          Harm     .   G - +1 cloak
rCorr   .          Rampage  .   (gloves unavailable)
Will    +....                   (boots unavailable)
Stlth   +++.......              (no amulet)
HPRegen 0.15/turn               e - +6 ring of dexterity
MPRegen 0.12/turn               k - ring of poison resistance

@: about to teleport, very quick
A: very small, no large weapons, unfitting armour, see invisible, speed 3
a: Renounce Religion, Wall Jump


You were on level 9 of the Dungeon.
You worshipped Wu Jian.
Wu Jian was pleased with you.
You visited 1 branch of the dungeon, and saw 9 of its levels.
You also visited: Sewer.

You collected 695 gold pieces.
You spent 240 gold pieces at shops.

Inventory:

Hand Weapons
 a - a +3 dagger of venom (weapon)
 b - a +1 dagger of draining
 r - a +2 short sword of speed
 A - a +2 antimagic whip
 J - a +4 scimitar of chaos
Missiles
 c - 5 poisoned darts
 g - 187 stones
 m - a curare-tipped dart
 o - 27 sling bullets
 x - 43 bolts
 y - 2 throwing nets
Armour
 v - a +0 cloak
 B - a +1 robe of cold resistance (worn)
 C - a +0 buckler (worn)
 G - a +1 cloak (worn)
 I - +0 acid dragon scales
Jewellery
 e - a +6 ring of dexterity (left hand)
 k - a ring of poison resistance (right hand)
 E - a +6 ring of strength
Wands
 d - a wand of iceblast (12)
 t - a wand of charming (8)
 z - a wand of mindburst (19)
Scrolls
 f - 6 scrolls of teleportation
 p - 10 scrolls of identify
 D - a scroll of magic mapping
 F - a scroll of enchant armour
Potions
 h - 3 potions of heal wounds
 i - 2 potions of flight
 j - 2 potions of curing {unknown}
 l - a potion of ambrosia
 q - 3 potions of lignification {unknown}
 s - 2 potions of berserk rage
 u - a potion of invisibility {unknown}
 w - 3 potions of degeneration {unknown}


   Skills:
 - Level 2.4 Fighting
 - Level 3.2 Short Blades
 + Level 18.0 Dodging
 - Level 3.0 Stealth
 + Level 5.0 Shields


You had 9 spell levels left.
You didn't know any spells.
Your spell library contained the following spells:

 Spells                   Type           Power      Damage    Failure   Level
 Sandblast                Erth           0%         2d4       36%         1
 Passwall                 Tmut/Erth      0%         N/A       50%         2
 Slow                     Hex            0%         N/A       50%         2
 Sublimation of Blood     Necr           0%         N/A       50%         2
 Wereblood                Tmut           0%         N/A       50%         2
 Confusing Touch          Hex            0%         N/A       75%         3
 Stone Arrow              Conj/Erth      0%         3d7       75%         3
 Vampiric Draining        Necr           0%         2d6       75%         3
 Yara's Violent Unravell  Hex/Tmut       0%         3d3       100%        5
 Summon Hydra             Summ           0%         N/A       100%        7


Dungeon Overview and Level Annotations

Branches:
Dungeon (9/15)             Temple (0/1) D:7           Sewer (visited)
   Lair: D:8-11         Orc: D:9-12

Altars:
Gozag
Hepliaklqana
Sif Muna
Wu Jian
Yredelemnul

Shops:
D:4 *   D:8 *

Annotations:
D:7 kirikocho's ghost, novice OpCK


Innate Abilities, Weirdness & Mutations

You are very small and have problems with some larger weapons.
You are too small for most types of armour.
You have supernaturally acute eyesight. (SInv)
You cover ground extremely quickly. (Speed+++)


Message History

Aiming: Wall Jump
Press: ? - help, Dir - move target You attack the orc warrior from above.
You hit the orc warrior but do no damage.
The orc warrior is poisoned.
A kobold demonologist and a tengu warrior come into view.
The tengu warrior is wielding a +1 long sword, wearing a +0 leather armour of cold resistance and wearing a +0 kite shield of reflection.
You spin and attack the orc.
You barely miss the orc.
You spin and attack the centaur zombie.
You barely miss the centaur zombie.
The centaur zombie completely misses you.
You block the centaur zombie's attack. The centaur zombie barely misses you.
The centaur zombie completely misses you.
Aiming: Wall Jump
Press: ? - help, Dir - move target You attack the yak from above.
You hit the yak.
The yak is poisoned.
The yak is lightly wounded.
The yak completely misses you.
The kobold demonologist mumbles some strange words.
You spin and attack the yak.
You hit the yak but do no damage.
The yak looks as sick as possible!
The yak is lightly wounded.
The kobold demonologist gestures wildly while chanting.
You lunge at the crimson imp.
You completely miss the crimson imp. You block the crimson imp's attack.
A steam dragon comes into view.
You spin to attack the crimson imp, but your attack speed is too slow for a blow to land.
You spin and attack the tengu warrior.
You hit the tengu warrior but do no damage.
The tengu warrior hits you with a +1 long sword!
The tengu warrior completely misses you.
The tengu warrior misses you.
The kobold demonologist mumbles some strange words.
You spin and attack the crimson imp.
You closely miss the crimson imp. The crimson imp misses you.
As you read the scroll of teleportation, it crumbles to dust.
You feel strangely unstable. The kobold demonologist misses you.
The centaur zombie misses you. You block the centaur zombie's attack.
The red devil hits you from afar with a +1 antimagic demon trident!!
You die...

##..# ..## #!..#
.o.# #..## #..##
#..# #..... #..#
.o.... #####..#
#..Z..Z
##.##...##.......
##...#..##........
##5@54#.....#......
##YZQK..D...##
.....
##..Y.4.....## ....
##oY.ooo....## ...
#..Y........# ..
##..........## .
#...........##
##...........#
#...........#


You could see a tengu warrior, a hellwing (summoned), a kobold demonologist, 4
yaks, a red devil (summoned), a steam dragon, an orc warrior (poisoned), an orc
wizard (invisible), a crimson imp (summoned), a shadow imp (summoned), 2 orcs
and a centaur zombie.

Vanquished Creatures
  A two-headed ogre (D:9)
  Maurice (D:8)
  Maggie (D:8)
  A troll (D:7)
  A hornet (D:7)
  4 yaks
  Grum (D:9)
  3 water moccasins
  An acid dragon (D:8)
  Duvessa (D:5)
  Purgy (Sewer)
  An orc warrior (D:6)
  A black bear (D:5)
  A sky beast (D:7)
  2 wolves (D:9)
  An ogre (D:6)
  A necrophage (D:5)
  2 centaurs (D:9)
  Blork the orc (D:5)
  2 kobold brigands
  4 bullfrogs
  A gnoll sergeant (D:8)
  A wyvern zombie (D:8)
  A scorpion (D:6)
  A water moccasin skeleton (D:4)
  Dowan (D:5)
  5 wights (D:8)
  A howler monkey (D:6)
  A centaur zombie (D:7)
  A gnoll shaman (D:5)
  2 hounds (D:5)
  3 bullfrog skeletons
  2 iguanas (D:6)
  An orc wizard (D:6)
  Natasha (thrice) (D:3)
  Robin (D:1)
  12 adders
  4 gnolls (D:8)
  2 river rats (D:5)
  2 white imps
  An ufetubus (D:4)
  An adder skeleton (D:5)
  A worm (D:5)
  A dart slug (D:5)
  13 orcs
  7 endoplasms
  4 giant cockroaches
  18 goblins
  12 hobgoblins
  8 jackals
  16 kobolds
  3 quokkas
  5 ball pythons
  13 bats
  9 frilled lizards
  10 rats
199 creatures vanquished.

Vanquished Creatures (others)
  A wolf (D:9)
  5 plants (D:4)
6 creatures vanquished.

Grand Total: 205 creatures vanquished

Notes
Turn   | Place    | Note
-------+----------+-------------------------------------------
     0 | D:1      | BlueGoblin the Spriggan Monk began the quest for the Orb.
     0 | D:1      | Reached XP level 1. HP: 11/11 MP: 2/2
   105 | D:1      | Reached XP level 2. HP: 10/16 MP: 3/3
   273 | D:2      | Reached skill level 5 in Dodging
   946 | D:1      | Found a faded altar of an unknown god.
   980 | D:1      | Reached XP level 3. HP: 19/19 MP: 4/4
  1338 | D:2      | Noticed Robin
  1360 | D:1      | Reached skill level 6 in Dodging
  2839 | D:2      | Reached XP level 4. HP: 23/23 MP: 5/5
  2968 | D:1      | Killed Robin
  3417 | D:2      | Reached skill level 7 in Dodging
  4070 | D:3      | Noticed Natasha
  4084 | D:3      | Killed Natasha
  4085 | D:3      | Reached XP level 5. HP: 26/27 MP: 6/6
  4219 | D:3      | You fall into a shaft and drop 3 floors!
  4283 | D:6      | Reached skill level 8 in Dodging
  4351 | D:6      | Reached skill level 9 in Dodging
  4351 | D:6      | Reached XP level 6. HP: 32/32 MP: 7/7
  4531 | D:6      | Noticed an orc warrior
  4603 | D:5      | Entered Level 5 of the Dungeon
  5107 | D:5      | Found a glowing drain.
  5152 | Sewer    | Entered a sewer
  5186 | Sewer    | Noticed Purgy
  5296 | Sewer    | Killed Purgy
  5297 | Sewer    | Reached skill level 10 in Dodging
  5437 | D:5      | Noticed Blork the orc
  5481 | D:5      | Killed Blork the orc
  5482 | D:5      | Reached XP level 7. HP: 7/35 MP: 8/8
  5581 | D:5      | Found an ornate altar of the Wu Jian Council.
  5619 | D:5      | You fall into a shaft and drop 1 floor!
  5965 | D:4      | Found Uqoh's Elemental Accessories.
  6523 | D:3      | Noticed Natasha
  6538 | D:3      | Killed Natasha
  6539 | D:3      | Reached skill level 11 in Dodging
  6730 | D:3      | Noticed Natasha
  6737 | D:3      | Killed Natasha
  7865 | D:5      | Reached skill level 12 in Dodging
  7930 | D:5      | Found a hazy altar of Hepliaklqana.
  7976 | D:5      | Reached XP level 8. HP: 39/39 MP: 9/9
  8270 | D:5      | Reached skill level 13 in Dodging
  8547 | D:5      | Noticed Duvessa
  8547 | D:5      | Noticed Dowan
  8551 | D:5      | Killed Dowan
  8602 | D:5      | Killed Duvessa
  8684 | D:5      | Found a basalt altar of Yredelemnul.
  8799 | D:5      | Became a worshipper of the Wu Jian Council
  8799 | D:5      | Reached * piety under Wu Jian
  8799 | D:5      | Reached ** piety under Wu Jian
  8875 | D:6      | Reached skill level 14 in Dodging
  9588 | D:6      | Reached skill level 15 in Dodging
  9672 | D:7      | Noticed a troll
  9729 | D:7      | Killed a troll
  9730 | D:7      | Reached skill level 1 in Shields
  9730 | D:7      | Reached XP level 9. HP: 31/43 MP: 10/10
  9863 | D:7      | Found a runed translucent door.
  9864 | D:7      | Noticed kirikocho's ghost (novice OpCK)
 10062 | D:7      | Reached skill level 16 in Dodging
 10712 | D:7      | Found a staircase to the Ecumenical Temple.
 10740 | D:7      | Found a shimmering blue altar of Sif Muna.
 10740 | D:7      | Found an opulent altar of Gozag.
 11480 | D:8      | Noticed Maurice
 12200 | D:8      | Killed Maurice
 12201 | D:8      | Reached skill level 17 in Dodging
 12602 | D:8      | Noticed Maggie
 12654 | D:8      | Killed Maggie
 12655 | D:8      | Reached XP level 10. HP: 39/47 MP: 11/11
 12973 | D:8      | Found Biomoem's Bounteous Boutique.
 13013 | D:8      | Bought a scroll of brand weapon for 240 gold pieces
 13583 | D:9      | Noticed Grum
 13650 | D:9      | Killed Grum
 13749 | D:9      | Noticed a two-headed ogre
 13767 | D:9      | Killed a two-headed ogre
 13768 | D:9      | Reached skill level 18 in Dodging
 13768 | D:9      | Reached skill level 5 in Shields
 13866 | D:9      | Noticed a tengu warrior
 13879 | D:9      | Slain by a red devil

Illustrated notes

Levels and vault maps discovered:
D:1:      tarquinn_simple_flora_water_a, layout_loops_cross,
          basic_ecumenical_altar
D:2:      layout_rooms, uniq_robin
D:3:      layout_loops_ring, uniq_natasha
D:4:      layout_basic, nicolae_elemental_shop, lexackson_kobold_supper
D:5:      minmay_chambers_of_fours, layout_loops_cross,
          nzn_hepliaklqana_mist_gate, yredelemnul_altar_generic,
          lemuel_crystal_altar, portal_sewer_entry_a, uniq_duvessa,
          uniq_blork_the_orc
D:6:      layout_cave_pods, minmay_microvault
D:7:      layout_basic, gammafunk_temple_overflow_elements,
          minmay_temple_entry_fiery, ebering_ghost_reflecting_pool,
          lemuel_flamethrower_1
D:8:      layout_rooms, nicolae_alphabet_shops, uniq_maggie, uniq_maurice
D:9:      layout_cave_pods, mainiacjoe_overflow_paths,
          mainiacjoe_overflow_six_doors_small, uniq_prince_ribbit1, uniq_grum

Skill      XL: |  1  2  3  4  5  6  7  8  9 10 |
---------------+-------------------------------+-----
Dodging        | 5 6 7 9 10 12 15 17 18 | 18.0
Shields        | 1 4 5 |  5.0
Fighting       | |  2.4
Short Blades   | |  3.2
Stealth        | |  3.0

Action                   |  1- 3 |  4- 6 |  7- 9 | 10-12 || total
-------------------------+-------+-------+-------+-------++-------
Melee: Short sword       |   183 |    21 |       |   124 ||   328
       Dagger            |       |   192 |   569 |    61 ||   822
Throw: Dart              |       |     6 |       |       ||     6
       Stone             |       |     3 |       |       ||     3
Invok: Whirlwind         |       |       |    93 |    81 ||   174
       Lunge             |       |       |     6 |    21 ||    27
 Abil: Wall Jump         |       |       |   182 |    38 ||   220
  Use: Scroll            |       |     7 |     2 |     6 ||    15
       Potion            |       |     2 |     1 |       ||     3
 Stab: Sleeping          |    10 |     4 |    16 |     1 ||    31
       Distracted        |       |     1 |     2 |       ||     3
Armor: Robe              |    24 |     9 |    21 |     3 ||    57
Dodge: Dodged            |   168 |   247 |   454 |   162 ||  1031
Block: Buckler           |       |       |   115 |    81 ||   196

Table legend: (Time is in decaauts)
 A = Elapsed time spent in this place.
 B = Non-inter-level travel time spent in this place.
 C = Inter-level travel time spent in this place.
 D = Time resting spent in this place.
 E = Time spent auto-exploring this place.
 F = Levels seen in this place.
 G = Mean time per level.
                   A        B        C        D        E       F      G
               +--------+--------+--------+--------+--------+-----+--------+
         Total |  10905 |  10669 |    236 |   2997 |   4532 |  10 | 1090.5 |
       Dungeon |  10721 |  10485 |    236 |   2997 |   4448 |   9 | 1191.2 |
         Sewer |    184 |    184 |      0 |      0 |     84 |   1 |  184.0 |
               +--------+--------+--------+--------+--------+-----+--------+

Top non-repeatable levels by time:
     D:1: 2197 daAuts
     D:5: 1759 daAuts
     D:7: 1745 daAuts
     D:8: 1165 daAuts
     D:6: 1118 daAuts
     D:2: 1011 daAuts
     D:4: 923 daAuts
     D:3: 581 daAuts
     D:9: 218 daAuts
   Sewer: 184 daAuts
